 Dungeon Crawl Stone Soup version 0.21-a0-221-gfe971b9 (console) character file.

187 Duffy the Chopper (level 5, 0/42 HPs)
             Began as a Gnoll Fighter on Aug 27, 2017.
             Was an Initiate of Qazlal.
             Slain by Sigmund
             ... wielding a +0 scythe
              (9 damage)
             ... on level 3 of the Dungeon.
             The game lasted 00:02:19 (2076 turns).

Duffy the Chopper (Gnoll Fighter)                   Turns: 2076, Time: 00:02:19

Health: 0/42       AC:  7    Str:  7    XL:     5   Next: 66%
Magic:  3/7        EV:  5    Int:  7    God:    Qazlal [......]
Gold:   129        SH:  7    Dex:  7    Spells: 4/4 levels left

rFire    . . .     SeeInvis .   a - +0 war axe
rCold    . . .     Gourm    .   c - +0 shield
rNeg     . . .     Faith    .   b - +0 scale mail
rPois    .         Spirit   .   (no helmet)
rElec    .         Reflect  .   (no cloak)
rCorr    .         Harm     .   (no gloves)
MR       .....                  (no boots)
Stlth    ..........             (no amulet)
HPRegen  0.14/turn              (no ring)
MPRegen  0.10/turn              (no ring)

@: mighty
A: unchanging attributes, fangs 1, strong nose
a: Renounce Religion


You were on level 3 of the Dungeon.
You worshipped Qazlal.
Qazlal was noncommittal.
You were not hungry.

You visited 1 branch of the dungeon, and saw 4 of its levels.

You collected 129 gold pieces.

Inventory:

Hand Weapons
 a - a +0 war axe (weapon)
Armour
 b - a +0 scale mail (worn)
 c - a +0 shield (worn)
Scrolls
 j - 4 scrolls of remove curse
Potions
 d - 2 potions of might
 e - a potion of curing
 i - 2 potions of resistance
 k - a potion of degeneration {unknown}
 l - a potion of heal wounds {unknown}
 n - a potion of mutation {unknown}
Comestibles
 f - 2 bread rations
 g - 3 chunks of flesh
 h - a royal jelly
 m - 2 meat rations


   Skills:
 - Level 4.0 Fighting
 + Level 6.4 Axes
 - Level 4.0 Armour
 - Level 4.0 Shields
 + Level 3.6 Invocations


You had 4 spell levels left.
You didn't know any spells.

Dungeon Overview and Level Annotations

Branches:
Dungeon (4/15)
 Temple: D:4-7

Altars:
Nemelex Xobeh
Qazlal

Annotations:
D:3 Sigmund


Innate Abilities, Weirdness & Mutations

Your physical attributes are unchanging.
You have very sharp teeth.
Your uncanny sense of smell can sniff out nearby items.


Message History

The quokka twitches its whiskers.
The quokka completely misses you. You block Eustachio's attack.
You block the quokka's attack.
You slice Eustachio!!
You kill Eustachio!
Qazlal accepts your kill.
The quokka disappears in a puff of smoke!
Your Axes skill increases to level 6!
Your Invocations skill gained 3 levels and is now at level 3!
You have reached level 4!
You have reached level 5!
Things that are here:
a falchion of holy wrath; a leather armour; the human corpse of Eustachio
There is a stone staircase leading up here.
You climb upwards.
Level annotation: Sigmund
There is a stone staircase leading down here.
Sigmund hits you from afar with a scythe.
Sigmund hits you with a scythe!
You die...

#.# #.# #.# #.# #.#
#.# #.# #.# #.# #..
#.# #.# #.###
#.#######...#
#>..@@...##.#
#.######.##.# #.#
#.##.##
#.######)#...#####
#...............>..
########.......###.
#..........
#.......###
###...###


You could see Sigmund.

Vanquished Creatures
  Eustachio (D:4)
  An adder (D:2)
  2 dart slugs (D:1)
  2 orcs (D:3)
  6 bats
  3 giant cockroaches
  2 goblins (D:2)
  5 hobgoblins
  3 frilled lizards (D:2)
  4 kobolds
  2 rats (D:1)
31 creatures vanquished.

Notes
Turn   | Place    | Note
-------+----------+-------------------------------------------
     0 | D:1      | Duffy the Gnoll Fighter began the quest for the Orb.
     0 | D:1      | Reached XP level 1. HP: 19/19 MP: 1/1
   165 | D:1      | Reached skill level 3 in Axes
   383 | D:1      | Reached XP level 2. HP: 25/25 MP: 2/2
   614 | D:1      | Reached skill level 4 in Axes
  1097 | D:2      | Found a sparkling altar of Nemelex Xobeh.
  1131 | D:2      | Reached XP level 3. HP: 16/30 MP: 3/3
  1679 | D:2      | Found a stormy altar of Qazlal.
  1694 | D:2      | Reached skill level 5 in Axes
  1702 | D:2      | Became a worshipper of Qazlal Stormbringer
  2033 | D:3      | Noticed Sigmund
  2048 | D:4      | Noticed Eustachio
  2068 | D:4      | Killed Eustachio
  2068 | D:4      | Reached skill level 6 in Axes
  2068 | D:4      | Reached XP level 4. HP: 12/37 MP: 3/6
  2068 | D:4      | Reached XP level 5. HP: 14/42 MP: 3/7
  2076 | D:3      | Slain by Sigmund

Vault maps used:
D:1:      saegor_arrival_under_anarchy
D:2:      lemuel_doored_altar, overflow_temple_1_default,
          corexii_leaking_fountain
D:3:      first_bread, uniq_terence, uniq_robin, uniq_sigmund
D:4:      portal_sewer_entry_a, serial_shops, shop_fountains,
          minmay_tree_intersection, uniq_eustachio

Skill      XL: |  1  2  3 |
---------------+----------+-----
Axes           | 3 4 6 |  6.4
Invocations    | 3 |  3.6
Fighting       | |  4.0
Armour         | |  4.0
Shields        | |  4.0

Action                   |  1- 3 |  4- 6 || total
-------------------------+-------+-------++-------
Melee: War axe           |   168 |       ||   168
       Bite              |     6 |       ||     6
  Use: Scroll            |     8 |       ||     8
       Potion            |     1 |       ||     1
  Eat: Chunk             |     4 |       ||     4
Armor: Scale mail        |   153 |       ||   153
Dodge: Dodged            |    52 |       ||    52
Block: Shield            |    93 |       ||    93

Table legend:
 A = Spawn XP
 B = Non-spawn XP
 C = Spawn XP percentage of total XP
 D = Spawn monster count
 E = Non-spawn monster count
 F = Spawn count percentage of total count
 G = Total turns spent on level
                    A         B        C        D         E        F      G
               +---------+---------+-------+---------+---------+-------+---------
         Total |       8 |     260 |   3.0 |       6 |      25 |  19.4 |  2076
               +---------+---------+-------+---------+---------+-------+---------
           D:1 |       5 |      16 |  23.8 |       4 |       7 |  36.4 |  1004
           D:2 |       3 |      31 |   8.8 |       2 |      12 |  14.3 |   839
           D:3 |       0 |      11 |   0.0 |       0 |       5 |   0.0 |   205
           D:4 |       0 |     202 |   0.0 |       0 |       1 |   0.0 |    28
               +---------+---------+-------+---------+---------+-------+---------
